 Dungeon Crawl Stone Soup version 0.24.0-123-gd5b16e6ec5 (webtiles) character file.

Game seed: 13822565123174223618, levelgen mode: deterministic

914 Curus the Cleaver (level 7, -2/85 HPs)
             Began as a Minotaur Monk on Dec 20, 2019.
             Was a Priest of Trog.
             Slain by an orc warrior
             ... wielding a +0 halberd
              (10 damage)
             ... on level 5 of the Dungeon.
             The game lasted 00:09:54 (2786 turns).

Curus the Cleaver (Minotaur Monk)                   Turns: 2786, Time: 00:09:54

Health: -2/85      AC: 12    Str: 20    XL:     7   Next: 82%
Magic:  6/6        EV:  7    Int: 10    God:    Trog [***...]
Gold:   239        SH:  0    Dex: 15    Spells: 6/6 levels left

rFire    . . .     SeeInvis .   a - +1 hand axe
rCold    . . .     Gourm    .   (no shield)
rNeg     . . .     Faith    .   i - +0 plate armour
rPois    .         Spirit   .   l - +2 hat {Int+3}
rElec    .         Reflect  .   (no cloak)
rCorr    .         Harm     .   (no gloves)
MR       .....     Rnd*Tele +   (no boots)
Stlth    ..........             (no amulet)
HPRegen  0.24/turn              h - ring of teleportation (curse)
MPRegen  0.10/turn              (no ring)

@: berserking, very quick
A: retaliatory headbutt, horns 2
a: Berserk, Trog's Hand, Renounce Religion


You were on level 5 of the Dungeon.
You worshipped Trog.
Trog was most pleased with you.
You were very hungry.

You visited 1 branch of the dungeon, and saw 7 of its levels.

You collected 239 gold pieces.

Inventory:

Hand Weapons
 a - a +1 hand axe (weapon)
Armour
 b - a +0 robe
 d - a +2 ring mail
 i - a +0 plate armour (worn)
 l - a +2 hat of intelligence (worn)
Jewellery
 f - an uncursed ring of ice
 h - a cursed ring of teleportation (left hand)
Wands
 g - a wand of random effects (10)
 o - a wand of iceblast (8)
Scrolls
 e - 3 scrolls of teleportation
 j - a scroll of fear
Potions
 m - a potion of curing
Comestibles
 c - 6 rations
 k - 3 chunks of flesh


   Skills:
 - Level 3.6 Fighting
 + Level 11.1 Axes
 - Level 3.2 Dodging
 - Level 1.5 Stealth


You had 6 spell levels left.
You didn't know any spells.
Your spell library was empty.

Dungeon Overview and Level Annotations

Branches:
Dungeon (7/15)             Temple (0/1) D:5

Altars:
Trog

Shops:
D:4 (


Innate Abilities, Weirdness & Mutations

You reflexively headbutt those who attack you in melee.
You have a pair of horns on your head.


Message History

You hit the orc warrior.
The orc warrior is lightly wounded.
You hit the orc warrior.
The orc warrior is moderately wounded.
The orc warrior hits you with a +0 halberd!!
* * * LOW HITPOINT WARNING * * *
A red film seems to cover your vision as you go berserk!
You feel yourself moving faster!
You feel mighty!
You are feeling very hungry.
A howler monkey zombie comes into view.
The orc warrior hits you with a +0 halberd!
* * * LOW HITPOINT WARNING * * *
You hit the orc warrior.
The orc warrior is moderately wounded.
You slash the orc warrior!
The orc warrior is almost dead.
You hear a shout!
An orc comes into view.
The orc warrior hits you with a +0 halberd!
You die...

# #... #.o. #>...
#..... #...####
.#.##o@)########
#.......)........
###....#)###.###)
#..###.# #.# #####
#.. #.# #.# #....
#. #.###.# ###.##.
# #...#.#####.#†##.
#####.#.......#)##.
#...#....#..#.#)###


You could see an orc warrior and an orc (wandering).

Vanquished Creatures
  A troll (D:7)
  A scorpion (D:5)
  5 wights (D:6)
  A howler monkey (D:5)
  A crimson imp (D:5)
  An orc priest (D:5)
  A jelly (D:5)
  A hound (D:6)
  Natasha (twice) (D:3)
  2 worker ants
  4 gnolls (D:5)
  7 adders
  An adder skeleton (D:7)
  2 worms
  3 dart slugs
  6 leopard geckos
  6 orcs
  3 giant cockroaches
  5 hobgoblins
  8 jackals (D:4)
  7 kobolds
  2 quokkas (D:3)
  A ball python (D:3)
  5 bats
  2 frilled lizards
  7 goblins
  A leopard gecko zombie (D:5)
  A quokka zombie (D:5)
  9 rats
96 creatures vanquished.

Notes
Turn   | Place    | Note
-------+----------+-------------------------------------------
     0 | D:1      | Curus the Minotaur Monk began the quest for the Orb.
     0 | D:1      | Reached XP level 1. HP: 19/19 MP: 0/0
   214 | D:1      | Reached skill level 4 in Axes
   283 | D:1      | Reached XP level 2. HP: 26/26 MP: 1/1
   770 | D:2      | Reached skill level 5 in Axes
   786 | D:2      | Reached XP level 3. HP: 29/31 MP: 2/2
  1385 | D:3      | Reached skill level 6 in Axes
  1385 | D:3      | Reached XP level 4. HP: 39/39 MP: 3/3
  1394 | D:3      | Found a bloodstained altar of Trog.
  1407 | D:3      | Became a worshipper of Trog the Wrathful
  1407 | D:3      | Reached * piety under Trog
  1407 | D:3      | Reached ** piety under Trog
  1504 | D:3      | Noticed Natasha
  1511 | D:3      | Killed Natasha
  1717 | D:3      | Reached XP level 5. HP: 36/45 MP: 4/4
  1740 | D:3      | Reached skill level 7 in Axes
  1875 | D:3      | Noticed Natasha
  1882 | D:3      | Killed Natasha
  2172 | D:4      | Found Wakhaow's Weapon Shop.
  2197 | D:4      | You fall into a shaft and drop 3 floors!
  2199 | D:7      | Noticed a troll
  2211 | D:7      | Killed a troll
  2211 | D:7      | Reached skill level 8 in Axes
  2211 | D:7      | Reached XP level 6. HP: 8/51 MP: 5/5
  2212 | D:7      | Reached skill level 9 in Axes
  2437 | D:6      | Reached XP level 7. HP: 40/57 MP: 6/6
  2445 | D:6      | Reached *** piety under Trog
  2451 | D:6      | Reached skill level 10 in Axes
  2508 | D:6      | Identified a scroll of acquirement
  2522 | D:5      | Entered Level 5 of the Dungeon
  2586 | D:5      | Found a staircase to the Ecumenical Temple.
  2720 | D:5      | Reached skill level 11 in Axes
  2786 | D:5      | Slain by an orc warrior

Levels and vault maps discovered:
D:1:      dpeg_arrival_ratfight, layout_basic
D:2:      wander_river, layout_loops_cross, minmay_tetromino_o2
D:3:      layout_basic, trog_butcher_becter, uniq_natasha
D:4:      layout_rooms, first_ration, serial_shops, shop, shop, shop_fountains,
          shop, shop, mrwooster_statue_mirror
D:5:      layout_basic, minmay_temple_entry_sparse_star
D:6:      layout_rooms, lemuel_crystal_altar
D:7:      layout_cave_pools, serial_shops, shop, grunt_livestock,
          doesnt_xom_only_xom

Skill      XL: |  1  2  3  4  5  6  7 |
---------------+----------------------+-----
Axes           | 4 5 6 8 9 11 | 11.1
Fighting       | |  3.6
Dodging        | |  3.2
Stealth        | |  1.5

Action                   |  1- 3 |  4- 6 |  7- 9 || total
-------------------------+-------+-------+-------++-------
Melee: Hand axe          |    79 |   103 |    94 ||   276
       Headbutt          |    10 |    17 |    15 ||    42
Invok: Berserk           |       |     2 |     2 ||     4
  Use: Scroll            |     8 |     1 |     1 ||    10
       Potion            |     3 |     1 |     2 ||     6
  Eat: Chunk             |     1 |     3 |     1 ||     5
       Ration            |       |     1 |       ||     1
Armor: Ring mail         |    25 |    13 |       ||    38
       Plate armour      |       |    39 |    43 ||    82
Dodge: Dodged            |    40 |    24 |    16 ||    80
